 Dungeon Crawl Stone Soup version 0.21.0-25-ge575cb9 (webtiles) character file.

652172 Miyamura the Sharpshooter (level 27, -30/213 HPs)
             Began as a Formicid Fighter on Jan 24, 2018.
             Was the Champion of Cheibriados.
             Killed from afar by an ancient lich (78 damage)
             ... with a crystal spear
             ... on level 5 of the Realm of Zot.
             The game lasted 02:09:26 (66570 turns).

Miyamura the Sharpshooter (Formicid Fighter)       Turns: 66570, Time: 02:09:27

Health: -30/213    AC: 27    Str: 37    XL:     27
Magic:  42/42      EV: 26    Int: 29    God:    Cheibriados [******]
Gold:   4274       SH: 34    Dex: 36    Spells: 45/57 levels left

rFire    + + .     SeeInvis +   O - +7 arbalest (flame)
rCold    + + .     Gourm    .   p - +8 large shield
rNeg     . . .     Faith    .   h - +0 storm dragon scales
rPois    +         Spirit   .   (helmet unavailable)
rElec    +         Reflect  .   W - +2 cloak of the Vanishing Ghosts {+Inv rF+ rC+ rCorr}
rCorr    +         Harm     .   F - +2 pair of gloves {archery}
MR       +++..                  C - +2 pair of boots {Fly}
Stlth    +.........             E - amulet of regeneration
HPRegen  0.85/turn              i - ring "Zick" {rPois Dex+3 Slay+4 Stlth+}
MPRegen  0.28/turn              J - ring of protection from magic

@: very slow
A: permanent stasis, dig shafts and tunnels, four strong arms, antennae 3,
molten scales 1, yellow scales 1, agile 1, cold resistance 1, deformed body,
fire resistance 1
}: 4/15 runes: serpentine, barnacled, slimy, silver
a: Dig, Shaft Self, Bend Time, Temporal Distortion, Slouch, Step From Time,
Renounce Religion, Evoke Invisibility, Evoke Flight


You were on level 5 of the Realm of Zot.
You worshipped Cheibriados.
Cheibriados was exalted by your worship.
You were not hungry.

You visited 10 branches of the dungeon, and saw 54 of its levels.
You visited 1 bazaar.
You also visited: Labyrinth, Bailey, Ice Cave, Volcano and Wizlab.

You collected 8565 gold pieces.
You spent 4291 gold pieces at shops.

Inventory:

Hand Weapons
 v - the +12 glaive of Prune {chop}
   (You found it on level 2 of the Depths)

   It inflicts extra damage upon your enemies.
 O - a +7 arbalest of flaming (weapon)
Missiles
 b - 1458 bolts (quivered)
Armour
 h - +0 storm dragon scales (worn)
 p - a +8 large shield (worn)
 A - +0 gold dragon scales
 C - a +2 pair of boots of flying (worn)
 F - a +2 pair of gloves of archery (worn)
 W - the +2 cloak of the Vanishing Ghosts (worn) {+Inv rF+ rC+ rCorr}
   (You found it in a wizard's laboratory)

   It protects you from fire.
   It protects you from cold.
   It lets you turn invisible.
   It protects you from acid and corrosion.
Magical Staves
 q - an uncursed staff of summoning
 I - an uncursed staff of power {unknown}
 X - an uncursed staff of summoning
 Y - an uncursed staff of poison
Jewellery
 i - the ring "Zick" (left hand) {rPois Dex+3 Slay+4 Stlth+}
   (You found it on level 3 of the Elven Halls)

   [ring of stealth]

   It affects your dexterity (+3).
   It affects your accuracy and damage with ranged weapons and melee attacks
   (+4).
   It protects you from poison.
   It makes you more stealthy.
 E - an amulet of regeneration (around neck)
 J - a ring of protection from magic (right hand)
 L - an uncursed ring of positive energy
 S - the ring of Meshaem {Wiz Dex+7}
   (You took it off a deep elf elementalist on level 3 of the Elven Halls)

   [ring of wizardry]

   It improves your spell success rate.
   It affects your dexterity (+7).
Wands
 m - a wand of acid (27)
 n - a wand of paralysis (104)
 w - a wand of iceblast (57)
 x - a wand of digging (48)
 K - a wand of scattershot (11)
Scrolls
 a - 5 scrolls of vulnerability
 c - 6 scrolls of amnesia
 d - a scroll of summoning
 o - 18 scrolls of remove curse
 r - 6 scrolls of fog
 u - 3 scrolls of identify
 y - 2 scrolls of holy word
 M - 2 scrolls of magic mapping
 P - 12 scrolls of immolation
 Q - 7 scrolls of fear
 V - a scroll of brand weapon
Potions
 e - 21 potions of curing
 g - 3 potions of magic
 k - 2 potions of agility
 l - 2 potions of resistance
 s - 9 potions of heal wounds
 z - 8 potions of brilliance
 B - 6 potions of might
 D - 3 potions of invisibility
 H - 12 potions of lignification
 T - 14 potions of flight
 U - 4 potions of cancellation
 Z - 9 potions of ambrosia
Miscellaneous
 j - a fan of gales
 t - a lightning rod (4/4)
 G - a phial of floods
 N - 2 phantom mirrors
 R - a crystal ball of energy
Comestibles
 f - 87 rations


   Skills:
 + Level 16.7 Fighting
   Level 3.2 Long Blades
 - Level 16.5(18.5) Polearms
 - Level 15.0(17.8) Staves
 + Level 19.4 Crossbows
 - Level 15.9 Armour
 + Level 13.6 Dodging
 + Level 17.3 Shields
 + Level 15.8 Spellcasting
 - Level 8.6 Hexes
 - Level 6.5 Translocations
 - Level 13.7 Transmutations
 - Level 14.8 Earth Magic
 - Level 15.6 Invocations
 - Level 12.8 Evocations


You had 45 spell levels left.
You knew the following spells:

 Your Spells              Type           Power        Failure   Level  Hunger
l - Lesser Beckoning      Tloc           ######....   1%          3    None
p - Portal Projectile     Hex/Tloc       ######       1%          3    None
s - Statue Form           Tmut/Erth      #######..    2%          6    ###....


Dungeon Overview and Level Annotations

Branches:
Dungeon (15/15)            Temple (0/1) D:4            Lair (6/6) D:9
 Shoals (4/4) Lair:2        Snake (4/4) Lair:2        Slime (5/5) Lair:6
    Orc (2/2) D:12            Elf (3/3) Orc:2        Vaults (5/5) D:13
  Crypt (0/3) Vaults:2     Depths (5/5) D:15            Zot (5/5) Depths:5

Altars:
Ashenzari
Cheibriados
Dithmenos
Elyvilon
Fedhas
Kikubaaqudgha
Makhleb
Okawaru
Qazlal
Ru
Trog
Uskayaw
Yredelemnul
Zin
Beogh
Jiyva

Shops:
D:4 }   D:15 ![(?   Orc:2 =(*?   Elf:2 }   Shoals:2 (   Snake:1 (}   Snake:3 ?
Snake:4 [   Vaults:1 *   Vaults:3 !   Vaults:5 !

Portals:
Hell: Depths:1 Depths:2 Depths:3 Depths:4 Depths:5
Abyss: Depths:1 Depths:3 Depths:4
Pandemonium: Depths:3 Depths:5
Ziggurat: Depths:3

Annotations:
Lair:1 exclusion: 2 oklob plants
Lair:2 exclusion: oklob plant
Elf:2 1 runed door
Depths:3 1 transporter
Zot:1 1 transporter
Zot:3 2 transporters


Innate Abilities, Weirdness & Mutations

You cannot be hasted, slowed, berserked, paralysed or teleported.
You can dig through walls and to a lower floor.
Your four strong arms can wield two-handed weapons with a shield.
You have a pair of large antennae on your head. (SInv)
You are partially covered in molten scales. (AC +2)
You are partially covered in yellow scales. (AC +2)
You are agile. (Dex +2)
Your flesh is cold resistant. (rC+)
Armour fits poorly on your strangely shaped body.
Your flesh is heat resistant. (rF+)


Message History

The acid burns!
You resist.
You dig through the rock wall.
The electric golem hurls lightning at you.
The bolt of lightning hits the orb of fire.
The orb of fire completely resists.
The bolt of lightning hits the ancient lich.
The ancient lich resists.
The bolt of lightning misses you. The bolt of lightning hits you! You resist.
The orb of fire glows yellow.
The fireball explodes!
The fireball engulfs you! You resist.
You hear a distant "Zot"!
The electric golem hurls lightning at you.
The bolt of lightning hits the orb of fire.
The orb of fire completely resists.
The bolt of lightning misses the ancient lich.
The bolt of lightning hits you! You resist. The bolt of lightning misses you.
You hear a distant "Zot"!
The ancient lich casts a spell at you. The crystal spear hits you!
You die...

,** *,,,....,,,,,,* **,,,,,,,,,
** **,,,,.{.,,,,,,** **,,,,,,,, *
*,,,,,,X.,,,,,,,* **,,,,,,,
******######X#######* ▓########
*,*,,,......L#.....######......≈#
*,*,,,.$....8.*................≈≈
*,*,,,.......#L*...........##....
,,',,,.......##.##.######..######
***,,,.......*##@#.# #.........
*,,,.......* ###.# #.#######.
*,,,.......****#.# ##'##### #.
*,,,.......',,,..####.....<# #.
*,,,.......****#....'......###.
*,,,,,,,,,,* ######......'...
*****'****** #......####
*******,*** #......# ,,,,,,,,,,*
#......####


You could see 2 orbs of fire, an electric golem, 2 ancient liches and 2 Orb
Guardians.

Vanquished Creatures
  the Royal Jelly (Slime:5)
  3 ancient liches
  3 orbs of fire
  Mennas (Depths:4)
  Mara (Shoals:3)
  Boris (Depths:5)
  Saint Roka (Vaults:4)
  A curse toe (Zot:2)
  4 caustic shrikes (Depths:5)
  5 golden dragons
  Jory (Depths:4)
  17 tentacled monstrosities
  3 liches
  Rupert (Lair:3)
  3 deep elf blademasters
  4 deep elf master archers (Elf:3)
  2 Orb Guardians (Zot:5)
  15 acid blobs
  5 quicksilver dragons
  3 titans (Vaults:5)
  An eldritch tentacle (WizLab)
  4 sphinxes
  Kirke (Shoals:4)
  11 death cobs
  Polyphemus (Shoals:4)
  3 tentacled starspawn (WizLab)
  Donald (Elf:3)
  13 storm dragons
  5 tengu reavers
  The ghost of Goblin1989 the Severer, an adept DsMo of Hepliaklqana (Snake:4)
  9 shadow dragons
  Ilsuiw (Shoals:4)
  Agnes (Elf:1)
  16 azure jellies
  2 draconian monks
  7 fire giants
  4 deep elf sorcerers
  5 frost giants
  8 nagarajas
  2 ghost moths
  6 draconian scorchers
  5 draconian knights
  9 vault wardens
  A curse skull (Depths:2)
  A balrug (Depths:1)
  7 draconian shifters
  Aizul (Snake:1)
  6 draconian annihilators
  7 deep elf elementalists (Elf:3)
  8 draconian stormcallers
  15 ironheart preservers
  A juggernaut skeleton (D:15)
  31 stone giants
  4 spriggan defenders (Depths:5)
  A war gargoyle (Vaults:5)
  7 very ugly things
  3 entropy weavers
  An entropy weaver (shapeshifter) (Vaults:5)
  The ghost of Qupu the Grappler, a journeyman HOMo of Lugonu (Lair:5)
  7 deep elf demonologists
  6 vampire knights (Depths:4)
  14 black draconians
  5 white draconians
  6 deep elf annihilators
  2 dire elephants (Lair:6)
  7 yellow draconians
  13 green draconians
  16 red draconians
  7 purple draconians
  Azrael (D:12)
  11 merfolk javelineers
  2 blizzard demons
  7 death oozes (Slime:5)
  6 deep elf death magi
  9 fire dragons
  16 ettins
  11 jiangshi
  7 merfolk impalers
  3 deep elf high priests (Elf:3)
  A minotaur (Lab)
  13 yaktaur captains
  12 great orbs of eyes
  12 ogre magi
  12 ice dragons
  A hydra (D:11)
  The ghost of tidbits the Blocker, a journeyman GnFi of Cheibriados (Orc:2)
  9 spriggan air magi
  33 vault guards
  4 rakshasas
  11 centaur warriors
  A catoblepas (Shoals:4)
  9 naga warriors
  An alligator snapping turtle (Shoals:2)
  6 merfolk avatars
  2 death knights
  7 deep troll shamans
  38 two-headed ogres
  3 tengu warriors
  30 dancing weapons
  2 deep troll earth magi
  4 satyrs
  7 merfolk aquamancers
  17 anacondas
  Urug (Lair:2)
  12 death yaks
  4 vampire magi
  2 orc high priests
  2 small abominations
  3 shock serpents
  A thrashing horror (WizLab)
  2 spriggan berserkers (Depths:5)
  16 naga sharpshooters
  2 sun demons (Depths:1)
  A titan skeleton (Vaults:5)
  9 soul eaters (Depths:2)
  2 iron trolls (Depths:1)
  3 hell knights (Depths:3)
  2 skeletal warriors
  24 deep elf knights
  3 shadow wraiths
  2 salamander mystics
  9 sea snakes
  A storm dragon skeleton (Vaults:3)
  The ghost of tidbits the Magician, a novice GnIE (D:8)
  28 deep trolls
  2 unseen horrors
  4 glowing orange brains
  6 wizards
  3 flayed ghosts
  A swamp dragon (shapeshifter) (Vaults:1)
  An obsidian statue (WizLab)
  Pikel (D:3)
  3 phantasmal warriors (Depths:4)
  10 naga ritualists
  An anaconda skeleton (WizLab)
  2 frost giant zombies (Depths:4)
  21 ironbrand convokers
  6 lindwurms
  30 harpies
  29 orc knights
  9 necromancers
  67 deep elf magi
  9 deep elf archers
  A sphinx zombie (Vaults:5)
  A harpy (shapeshifter) (Depths:1)
  13 fauns
  8 mana vipers
  An orb spider (shapeshifter) (Elf:1)
  6 fire giant zombies
  43 ugly things
  14 manticores
  4 shining eyes
  2 wolf spiders
  A mana viper (shapeshifter) (Depths:1)
  4 orc sorcerers
  2 shadow dragon skeletons
  7 salamanders
  17 elephants
  15 moths of wrath
  8 cyclopes
  A cyclops (shapeshifter) (Vaults:3)
  A tengu skeleton (Vaults:3)
  A worldbinder (WizLab)
  75 slime creatures
  A guardian serpent (shapeshifter) (Vaults:1)
  16 naga magi
  A frost giant skeleton (Vaults:3)
  A toenail golem (Volcano)
  10 merfolk sirens
  An eye of devastation (shapeshifter) (Vaults:1)
  11 guardian serpents (Snake:4)
  38 black mambas
  22 vault sentinels
  2 ice statues (IceCv)
  A torpor snail (Lair:6)
  An eye of devastation (Slime:5)
  Psyche (D:8)
  2 gargoyles
  4 molten gargoyles (Volcano)
  5 water nymphs
  3 human zombies (Vaults:3)
  7 komodo dragons
  A torpor snail (shapeshifter) (Vaults:5)
  8 spiny frogs
  2 efreet
  3 rime drakes
  A kobold demonologist (Depths:2)
  7 freezing wraiths
  50 yaktaurs
  A rime drake (shapeshifter) (Vaults:2)
  14 ice devils
  3 tengu conjurers
  5 hellwings
  A silent spectre (Depths:2)
  An ancient zyme (WizLab)
  A queen bee (Lair:2)
  A meliai (shapeshifter) (Vaults:2)
  3 meliai (D:13)
  2 yaktaur skeletons
  7 red devils
  A polar bear (Vaults:2)
  7 trolls
  A hornet (shapeshifter) (Depths:2)
  8 hornets
  2 wind drakes (Shoals:1)
  A meliai zombie (D:14)
  29 merfolk
  2 large abominations
  A human simulacrum (Vaults:2)
  10 blink frogs
  A slime creature (shapeshifter) (Depths:5)
  A dream sheep (shapeshifter) (Vaults:4)
  8 snapping turtles
  11 hippogriffs
  5 dream sheep
  6 flying skulls (Depths:4)
  A stone giant simulacrum (Vaults:1)
  2 shadows
  9 air elementals
  A deep troll zombie (D:15)
  17 redbacks
  8 spriggans
  A vampire (D:11)
  4 wraiths
  A tarantella (shapeshifter) (Depths:2)
  A ynoxinul (WizLab)
  A redback (shapeshifter) (Vaults:5)
  A tarantella (Vaults:5)
  A wyvern (shapeshifter) (Vaults:5)
  26 water elementals
  An ettin skeleton (D:15)
  59 yaks
  A wyvern (Lair:2)
  5 basilisks
  A yak (shapeshifter) (Elf:3)
  29 fire elementals
  The ghost of Ratty the Shooter, an amateur CeHu (D:4)
  2 hogs (Shoals:4)
  A hog (shapeshifter) (Vaults:4)
  6 golden eyes
  3 hungry ghosts
  4 vampire mosquitoes
  A steam dragon (shapeshifter) (Depths:4)
  A chaos spawn (WizLab)
  A yaktaur simulacrum (Vaults:3)
  3 steam dragons
  9 wargs
  54 nagas
  3 insubstantial wisps (WizLab)
  4 spatial vortices (WizLab)
  9 water moccasins
  14 hell hounds
  2 acid dragons
  2 floating eyes (Slime:5)
  A monstrous demonspawn skeleton (WizLab)
  5 ice beasts
  6 porcupines
  2 black bears
  71 orc warriors
  An ice beast (shapeshifter) (D:13)
  3 sky beasts
  A swamp drake (shapeshifter) (Depths:1)
  4 phantoms
  2 necrophages
  3 boggarts
  4 eyes of draining
  21 ogres
  13 wolves
  9 centaurs
  12 crocodiles
  A big kobold (shapeshifter) (Vaults:2)
  3 big kobolds
  2 human skeletons (Vaults:3)
  2 wyvern zombies (D:10)
  11 bullfrogs
  4 earth elementals
  A wyvern skeleton (D:8)
  9 scorpions
  54 killer bees
  A spectral wolf (Depths:4)
  7 howler monkeys
  5 wights (D:7)
  12 crimson imps
  2 bullfrog zombies
  6 electric eels
  7 centaur zombies
  4 hounds
  A quasit (D:6)
  4 jellies
  6 centaur skeletons
  11 orc priests
  A bullfrog skeleton (D:13)
  28 orc wizards
  Ijyb (D:4)
  2 iguanas
  A hell rat (Lair:6)
  9 worker ants
  A hound skeleton (D:9)
  A howler monkey zombie (D:10)
  2 worker ant zombies
  8 gnolls
  15 adders
  4 shadow imps
  6 white imps (IceCv)
  7 ufetubi
  An ooze (D:2)
  An adder zombie (D:7)
  3 worms
  4 dart slugs
  5 leopard geckos
  146 orcs
  2 ball pythons
  9 bats
  4 giant cockroaches
  24 goblins
  16 hobgoblins
  12 jackals
  5 quokkas
  7 frilled lizards
  18 kobolds
  A leopard gecko skeleton (D:8)
  A quokka skeleton (D:4)
  8 rats
  A bush (Bazaar)
  A fire vortex (Volcano)
  3 starspawn tentacles (WizLab)
2529 creatures vanquished.

Vanquished Creatures (others)
  the Enchantress (Depths:5)
  A death yak (Shoals:4)
  A deep elf knight (Elf:3)
  A skeletal warrior (D:15)
  A moth of wrath (Zot:5)
  A water nymph (Shoals:4)
  A hellwing (Depths:2)
  An air elemental (Depths:5)
  4 humans
  An orc warrior (Vaults:1)
  2 slaves (D:4)
  Blork the orc (D:4)
  A killer bee (Lair:2)
  A howler monkey (D:12)
  A bullfrog zombie (D:12)
  An orc wizard (D:13)
  A centaur skeleton (D:4)
  3 white imps (IceCv)
  3 ufetubi (IceCv)
  A worm (D:4)
  An orc (Vaults:1)
  A frilled lizard (D:4)
  6 fungi
  46 plants
  3 starspawn tentacles (WizLab)
  3 withered plants (D:15)
88 creatures vanquished.

Grand Total: 2617 creatures vanquished

Notes
Turn   | Place    | Note
-------+----------+-------------------------------------------
     0 | D:1      | Miyamura the Formicid Fighter began the quest for the Orb.
     0 | D:1      | Reached XP level 1. HP: 18/18 MP: 1/1
    50 | D:1      | Reached XP level 2. HP: 16/24 MP: 2/2
   515 | D:1      | Reached XP level 3. HP: 28/29 MP: 3/3
   850 | D:1      | Reached skill level 1 in Dodging
  1095 | D:2      | Reached XP level 4. HP: 37/37 MP: 4/4
  1150 | D:2      | Found a white marble altar of Elyvilon.
  1273 | D:2      | Found a glowing silver altar of Zin.
  1382 | D:2      | Found a shattered altar of Ashenzari.
  1827 | D:2      | Found a burning altar of Makhleb.
  1909 | D:2      | Found a stormy altar of Qazlal.
  1916 | D:2      | Found a snail-covered altar of Cheibriados.
  2140 | D:3      | Reached XP level 5. HP: 41/42 MP: 5/5
  2945 | D:2      | Reached XP level 6. HP: 38/48 MP: 6/6
  3152 | D:4      | Noticed a slave
  3163 | D:4      | Noticed a slave
  3164 | D:4      | Noticed a slave
  3165 | D:4      | Noticed a slave
  3168 | D:4      | Noticed Pikel
  3187 | D:3      | Killed Pikel
  3187 | D:3      | Reached skill level 5 in Fighting
  3187 | D:3      | Reached skill level 5 in Armour
  3187 | D:3      | Reached skill level 5 in Shields
  3187 | D:3      | Reached XP level 7. HP: 56/56 MP: 7/7
  3187 | D:3      | Reached XP level 8. HP: 62/62 MP: 8/8
  3241 | D:4      | Found Kaepomad's Gadget Boutique.
  3458 | D:4      | Found a bloodstained altar of Trog.
  3541 | D:4      | Noticed Ratty's ghost (amateur CeHu)
  3563 | D:4      | Killed Ratty's ghost
  3570 | D:4      | Killed Blork the orc
  3814 | D:4      | Found a staircase to the Ecumenical Temple.
  3822 | D:4      | Noticed Ijyb
  3844 | D:4      | Killed Ijyb
  4407 | D:5      | Entered Level 5 of the Dungeon
  4455 | D:5      | Found a hide-covered altar of Uskayaw.
  4456 | D:5      | Noticed a hand axe
  4457 | D:5      | Noticed a dagger
  4462 | D:5      | Found a snail-covered altar of Cheibriados.
  4567 | D:5      | Became a worshipper of Cheibriados the Contemplative
  4785 | D:5      | Got a crude quarterstaff
  4787 | D:5      | Identified the +11 quarterstaff of Wondrous Power {freeze, rPois rF+ Dex-5} (You found it on level 5 of the Dungeon)
  5498 | D:6      | Reached skill level 1 in Staves
  5522 | D:6      | Reached XP level 9. HP: 69/69 MP: 9/9
  5942 | D:6      | Reached * piety under Cheibriados
  6374 | D:7      | Found a blossoming altar of Fedhas.
  6450 | D:7      | Found a shadowy altar of Dithmenos.
  6460 | D:7      | Found a blossoming altar of Fedhas.
  6792 | D:7      | Noticed a hippogriff
  6800 | D:7      | Killed a hippogriff
  6987 | D:8      | Found a roughly hewn altar of Beogh.
  6996 | D:8      | Reached ** piety under Cheibriados
  7008 | D:8      | Reached XP level 10. HP: 56/77 MP: 10/10
  7088 | D:8      | Noticed Psyche
  7092 | D:8      | Killed Psyche
  7092 | D:8      | Reached skill level 5 in Staves
  7092 | D:8      | Reached skill level 5 in Dodging
  7133 | D:8      | Found a sacrificial altar of Ru.
  7257 | D:8      | Noticed tidbits's ghost (novice GnIE)
  7264 | D:8      | Killed tidbits's ghost
  7301 | D:8      | Noticed a two-headed ogre
  7309 | D:8      | Killed a two-headed ogre
  7624 | D:8      | Found a bloodstained altar of Trog.
  7680 | D:8      | Reached *** piety under Cheibriados
  7680 | D:8      | Reached skill level 1 in Invocations
  8080 | D:9      | Found a staircase to the Lair.
  8133 | D:9      | Found a flagged portal.
  8156 | Bailey   | Entered a bailey
  8230 | Bailey   | Noticed an orc high priest
  8247 | Bailey   | Killed an orc high priest
  8247 | Bailey   | Reached XP level 11. HP: 86/86 MP: 12/12
  8269 | Bailey   | Noticed an orc sorcerer
  8277 | Bailey   | Killed an orc sorcerer
  8341 | Bailey   | Found an iron altar of Okawaru.
  8444 | Bailey   | Reached **** piety under Cheibriados
  8470 | Bailey   | Noticed an orc knight
  8482 | Bailey   | Killed an orc knight
  8689 | Bailey   | Noticed an orc knight
  8695 | Bailey   | Killed an orc knight
  9215 | D:9      | Reached ***** piety under Cheibriados
  9533 | D:10     | Entered Level 10 of the Dungeon
  9824 | D:10     | Noticed a two-headed ogre
  9831 | D:10     | Killed a two-headed ogre
  9894 | D:10     | Reached XP level 12. HP: 90/94 MP: 15/15
 10235 | D:10     | Reached skill level 5 in Invocations
 10891 | D:11     | Reached skill level 10 in Shields
 11012 | D:11     | Noticed a two-headed ogre
 11022 | D:11     | Killed a two-headed ogre
 11033 | D:11     | Reached ****** piety under Cheibriados
 11081 | D:11     | Noticed a six-headed hydra
 11092 | D:11     | Killed a six-headed hydra
 11174 | D:11     | Noticed a two-headed ogre
 11181 | D:11     | Killed a two-headed ogre
 11726 | D:11     | Gained mutation: You possess an exceptional clarity of mind. [potion of mutation]
 11726 | D:11     | Lost mutation: You possess an exceptional clarity of mind. [potion of mutation]
 11726 | D:11     | Gained mutation: You evolve. [potion of mutation]
 11726 | D:11     | Gained mutation: Your flesh is heat resistant. (rF+) [potion of mutation]
 11824 | D:12     | Found an iron altar of Okawaru.
 11904 | D:12     | Found a labyrinth entrance.
 11909 | Lab      | Entered a labyrinth
 11967 | Lab      | Noticed a minotaur
 11977 | Lab      | Killed a minotaur
 11977 | Lab      | Reached skill level 10 in Staves
 11977 | Lab      | Reached XP level 13. HP: 29/103 MP: 17/17
 12084 | Lab      | Identified the Volume of Clay
 12094 | Lab      | Learned a level 6 spell: Statue Form
 12099 | Lab      | Identified the Catalogue of the Traveller
 12102 | Lab      | Identified the Incunabulum of Bewitchment
 12104 | Lab      | Got a brightly glowing dagger
 12303 | D:12     | Reached skill level 10 in Armour
 12318 | D:12     | Reached skill level 10 in Fighting
 12683 | D:12     | Noticed Azrael
 12694 | D:12     | Killed Azrael
 13158 | D:12     | Found a staircase to the Orcish Mines.
 13421 | D:13     | Noticed a centaur warrior
 13429 | D:13     | Killed a centaur warrior
 13684 | D:13     | Noticed a centaur warrior
 13693 | D:13     | Killed a centaur warrior
 14054 | D:13     | Reached XP level 14. HP: 111/111 MP: 18/20
 14072 | D:13     | Found a gate to the Vaults.
 14338 | Lair:1   | Entered Level 1 of the Lair of Beasts
 14343 | Lair:1   | Learned a level 3 spell: Portal Projectile
 14347 | Lair:1   | Learned a level 3 spell: Lesser Beckoning
 15375 | Lair:2   | Noticed Urug
 15385 | Lair:2   | Killed Urug
 15437 | Lair:2   | Found a staircase to the Snake Pit.
 15617 | Lair:2   | Found a staircase to the Shoals.
 15851 | Lair:2   | Lost mutation: Your flesh is heat resistant. (rF+) [evolution]
 16017 | Lair:2   | Identified the +6 dagger of the Scavenger {pierce, rElec Stlth+} (You found it in a labyrinth)
 16682 | Lair:3   | Noticed Rupert
 16693 | Lair:3   | Killed Rupert
 18444 | Lair:5   | Noticed Qupu's ghost (journeyman HOMo)
 18455 | Lair:4   | Reached XP level 15. HP: 119/119 MP: 22/22
 18498 | Lair:5   | Killed Qupu's ghost
 18560 | Lair:5   | Found a dark tunnel.
 18575 | Volcano  | Entered a volcano
 19504 | Lair:6   | Entered Level 6 of the Lair of Beasts
 19582 | Lair:6   | Reached skill level 10 in Invocations
 19640 | Lair:6   | Gained mutation: Armour fits poorly on your strangely shaped body. [evolution]
 19683 | Lair:6   | Lost mutation: You evolve. [potion of mutation]
 19683 | Lair:6   | Gained mutation: Your mind is acute. (Int +2) [potion of mutation]
 19683 | Lair:6   | Gained mutation: You are resistant to hostile enchantments. (MR+) [potion of mutation]
 19683 | Lair:6   | Lost mutation: Armour fits poorly on your strangely shaped body. [potion of mutation]
 19683 | Lair:6   | Gained mutation: Your flesh is heat resistant. (rF+) [potion of mutation]
 19824 | Lair:6   | Found a viscous altar of Jiyva.
 19824 | Lair:6   | Found a staircase to the Slime Pits.
 20592 | Lair:6   | Reached XP level 16. HP: 83/127 MP: 23/23
 20919 | Lair:3   | Got an encrusted ring mail
 20930 | Lair:3   | Identified the +1 ring mail of Midsummer {Dex+4} (You found it on level 3 of the Lair of Beasts)
 21099 | Orc:1    | Entered Level 1 of the Orcish Mines
 21179 | Orc:2    | Entered Level 2 of the Orcish Mines
 21179 | Orc:2    | Noticed tidbits's ghost (journeyman GnFi)
 21188 | Orc:2    | Killed tidbits's ghost
 21188 | Orc:2    | Reached skill level 10 in Dodging
 21461 | Orc:2    | Found a roughly hewn altar of Beogh.
 21496 | Orc:2    | Found Nocre's Magic Scroll Shop.
 21532 | Orc:2    | Found Ujeu's Assorted Antiques.
 21664 | Orc:2    | Bought a silvery potion for 28 gold pieces
 21664 | Orc:2    | Bought a potion of heal wounds for 160 gold pieces
 21664 | Orc:2    | Bought a potion of curing for 96 gold pieces
 21673 | Orc:2    | Bought 2 scrolls of enchant armour for 195 gold pieces
 21673 | Orc:2    | Bought a scroll of enchant armour for 97 gold pieces
 21673 | Orc:2    | Bought a scroll of enchant armour for 97 gold pieces
 21673 | Orc:2    | Bought a scroll of enchant armour for 97 gold pieces
 21673 | Orc:2    | Bought a scroll of identify for 26 gold pieces
 21673 | Orc:2    | Bought a scroll of immolation for 45 gold pieces
 21735 | Orc:2    | Found a staircase to the Elven Halls.
 22048 | Orc:2    | Found Xuphouru's Weapon Shop.
 22048 | Orc:2    | Found Irisekof's Jewellery Emporium.
 22062 | Orc:2    | Bought an uncursed ring of protection from cold for 375 gold pieces
 23235 | D:15     | Entered Level 15 of the Dungeon
 23237 | D:15     | Found Nofi's Magic Scroll Emporium.
 23262 | D:15     | Found a flickering gateway to a bazaar.
 23272 | Bazaar   | Entered a bazaar
 23272 | Bazaar   | Found Zion's General Store.
 23272 | Bazaar   | Found Foineuw's Magic Scroll Boutique.
 23272 | Bazaar   | Found Migofut's Antique Weapon Boutique.
 23272 | Bazaar   | Found Ideacu's Jewellery Shop.
 23444 | Bazaar   | Bought a scroll of enchant armour for 112 gold pieces
 23444 | Bazaar   | Bought a scroll of identify for 30 gold pieces
 23444 | Bazaar   | Bought a scroll of identify for 30 gold pieces
 23444 | Bazaar   | Bought a scroll of enchant weapon for 112 gold pieces
 23451 | Bazaar   | Bought a steaming falchion for 248 gold pieces
 23451 | Bazaar   | Identified the +9 falchion of Mayhem {freeze, rC+ MR+} (You bought it in a shop in a bazaar)
 23594 | D:15     | Bought a scroll of identify for 26 gold pieces
 23594 | D:15     | Bought a scroll of identify for 26 gold pieces
 23594 | D:15     | Bought a scroll of identify for 26 gold pieces
 23594 | D:15     | Bought a scroll of identify for 26 gold pieces
 23594 | D:15     | Bought a scroll of enchant weapon for 97 gold pieces
 23631 | D:15     | Found a staircase to the Depths.
 23686 | D:15     | Found Otout's Antique Armour Shop.
 23792 | D:15     | Found Numesch's Weapon Shoppe.
 23801 | D:15     | Bought 9 bolts for 25 gold pieces
 23909 | D:15     | Bought a pair of glowing boots for 255 gold pieces
 23909 | D:15     | Bought a pair of runed boots for 255 gold pieces
 23949 | D:15     | Found Ufoep's Distillery.
 24008 | D:15     | Bought a potion of mutation for 144 gold pieces
 24008 | D:15     | Bought a potion of agility for 72 gold pieces
 24008 | D:15     | Bought a potion of curing for 54 gold pieces
 24621 | Snake:1  | Entered Level 1 of the Snake Pit
 24743 | Snake:1  | Found Xor Zuel's Gadget Shop.
 24743 | Snake:1  | Found Ticeq's Antique Weapon Boutique.
 25145 | Snake:1  | Reached XP level 17. HP: 135/135 MP: 25/25
 25458 | Snake:1  | Noticed Aizul
 25483 | Snake:1  | Killed Aizul
 26189 | Shoals:1 | Entered Level 1 of the Shoals
 27642 | Shoals:3 | Reached skill level 15 in Staves
 27712 | Shoals:3 | Identified the Compendium of Summoning and Clay
 27987 | Shoals:2 | Reached skill level 1 in Crossbows
 28344 | Shoals:2 | Reached skill level 2 in Crossbows
 28471 | Shoals:2 | Found Ocisi's Antique Weapon Emporium.
 28927 | Shoals:1 | Reached skill level 3 in Crossbows
 29439 | Shoals:4 | Entered Level 4 of the Shoals
 29444 | Shoals:4 | Reached XP level 18. HP: 144/144 MP: 27/27
 29449 | Shoals:4 | Noticed Mara
 29464 | Shoals:3 | Noticed Miyamura's illusion
 29473 | Shoals:3 | Killed Mara
 29473 | Shoals:3 | Reached skill level 4 in Crossbows
 29625 | Shoals:4 | Noticed Ilsuiw
 29643 | Shoals:4 | Killed Ilsuiw
 29815 | Shoals:4 | Reached skill level 5 in Crossbows
 29838 | Shoals:4 | Noticed Kirke
 30037 | Shoals:4 | Killed Kirke
 30102 | Shoals:4 | Noticed Polyphemus
 30142 | Shoals:4 | Killed Polyphemus
 30410 | Shoals:4 | Reached skill level 6 in Crossbows
 30617 | Shoals:4 | Reached skill level 15 in Shields
 30633 | Shoals:4 | Got a barnacled rune of Zot
 31608 | Snake:2  | Reached XP level 19. HP: 152/152 MP: 29/29
 31947 | Snake:2  | Reached skill level 7 in Crossbows
 32779 | Snake:3  | Found a frozen archway.
 32785 | IceCv    | Entered an ice cave
 33314 | Snake:3  | Reached skill level 8 in Crossbows
 33557 | Snake:3  | Found Emmypium's Magic Scroll Shoppe.
 33603 | Snake:3  | Bought a scroll of enchant armour for 127 gold pieces
 33603 | Snake:3  | Bought a scroll of enchant armour for 127 gold pieces
 34084 | Snake:4  | Entered Level 4 of the Snake Pit
 34314 | Snake:4  | Found Osi Ryuf's Antique Armour Boutique.
 34375 | Snake:4  | Bought a runed large shield for 270 gold pieces
 34375 | Snake:4  | Bought a pair of glowing boots for 270 gold pieces
 34896 | Snake:4  | Noticed Goblin1989's ghost (adept DsMo)
 34914 | Snake:4  | Killed Goblin1989's ghost
 35003 | Snake:4  | Reached skill level 15 in Invocations
 35251 | Snake:4  | Reached skill level 9 in Crossbows
 35264 | Snake:4  | Reached XP level 20. HP: 120/160 MP: 31/31
 35765 | Snake:4  | Got a serpentine rune of Zot
 36179 | Elf:1    | Entered Level 1 of the Elven Halls
 36791 | Elf:1    | Noticed Agnes
 36799 | Elf:1    | Killed Agnes
 37087 | Elf:1    | Reached skill level 10 in Crossbows
 37632 | Elf:2    | Found Zulasuf's Gadget Emporium.
 37691 | Elf:2    | Reached skill level 15 in Fighting
 37725 | Elf:2    | Found a magical portal.
 37734 | WizLab   | Entered The Roulette of Golubria
 37734 | WizLab   | Found a transporter.
 37745 | WizLab   | Found a corrupted altar of Lugonu.
 37753 | WizLab   | Reached skill level 15 in Armour
 37770 | WizLab   | Found a transporter.
 37836 | WizLab   | Found a transporter.
 37837 | WizLab   | Found a transporter.
 37900 | WizLab   | Found a corrupted altar of Lugonu.
 37901 | WizLab   | Found a transporter.
 37947 | WizLab   | Found a transporter.
 37984 | WizLab   | Found a transporter.
 37992 | WizLab   | Found a transporter.
 38029 | WizLab   | Noticed a tentacled monstrosity
 38034 | WizLab   | Found a transporter.
 38034 | WizLab   | Found a transporter.
 38042 | WizLab   | Killed a tentacled monstrosity
 38121 | WizLab   | Found a transporter.
 38175 | WizLab   | Found a transporter.
 38175 | WizLab   | Found a transporter.
 38190 | WizLab   | Found a corrupted altar of Lugonu.
 38263 | WizLab   | Found a transporter.
 38315 | WizLab   | Identified Golubria's Almanac of the Compass
 38326 | WizLab   | Found a transporter.
 38326 | WizLab   | Found a transporter.
 38334 | WizLab   | Reached skill level 11 in Crossbows
 38334 | WizLab   | Reached XP level 21. HP: 168/168 MP: 32/32
 38362 | WizLab   | Found a transporter.
 38386 | WizLab   | Identified Golubria's Catalogue of Orientation
 38393 | WizLab   | Found a transporter.
 38393 | WizLab   | Found a transporter.
 38505 | WizLab   | Found a transporter.
 38539 | WizLab   | Got a jewelled cloak
 38540 | WizLab   | Identified the cursed -3 cloak of the Iron City of Dis {Int+2} (You found it in a wizard's laboratory)
 38548 | WizLab   | Got a transparent cloak
 38549 | WizLab   | Identified the +2 cloak of the Vanishing Ghosts {+Inv rF+ rC+ rCorr} (You found it in a wizard's laboratory)
 38567 | WizLab   | Got an encrusted cloak
 38568 | WizLab   | Identified the +1 cloak of Zoarruse {rN+ Dex+3 Stlth+} (You found it in a wizard's laboratory)
 38944 | Elf:2    | Found a runed door.
 38970 | Elf:2    | Found a runed door.
 40255 | Elf:3    | Entered Level 3 of the Elven Halls
 40364 | Elf:3    | Reached skill level 12 in Crossbows
 40498 | Elf:3    | Noticed a Tzitzimitl
 40770 | Elf:3    | Got a scorched silver ring
 41066 | Elf:3    | Reached XP level 22. HP: 150/177 MP: 33/33
 41137 | Elf:3    | Got a wavering granite ring
 41146 | Elf:3    | Identified the ring of Ruebbyno {rCorr rF+ Str+5} (You took it off a deep elf mage on level 3 of the Elven Halls)
 41147 | Elf:3    | Identified the ring of Meshaem {Wiz Dex+7} (You took it off a deep elf elementalist on level 3 of the Elven Halls)
 41169 | Elf:3    | Noticed Donald
 41188 | Elf:3    | Killed Donald
 41380 | Elf:3    | Reached skill level 13 in Crossbows
 41410 | Elf:3    | Got a scintillating iron ring
 41411 | Elf:3    | Identified the ring "Zick" {rPois Dex+3 Slay+4 Stlth+} (You found it on level 3 of the Elven Halls)
 41437 | Elf:3    | Identified the +5 ring mail "Fem Oxzi" {rC+ SInv} (You found it on level 3 of the Elven Halls)
 41532 | Elf:3    | Identified the Guide on Harmful Good Luck
 42039 | Vaults:1 | Entered Level 1 of the Vaults
 42069 | Vaults:1 | Reached skill level 1 in Evocations
 42228 | Vaults:1 | Reached skill level 5 in Evocations
 43056 | Vaults:1 | Found Paxe's General Store.
 43064 | Vaults:1 | Bought a scroll of immolation for 52 gold pieces
 43106 | Vaults:1 | Reached skill level 10 in Evocations
 44455 | Vaults:2 | Found a staircase to the Crypt.
 44455 | Vaults:2 | Found an ancient bone altar of Kikubaaqudgha.
 44466 | Vaults:2 | Found a basalt altar of Yredelemnul.
 44698 | Vaults:2 | Reached skill level 14 in Crossbows
 44818 | Vaults:2 | Reached XP level 23. HP: 183/183 MP: 34/34
 45063 | Vaults:2 | Reached skill level 15 in Crossbows
 45933 | Vaults:3 | Reached skill level 16 in Crossbows
 46425 | Vaults:3 | Reached skill level 17 in Crossbows
 46762 | Vaults:3 | Found Koeg's Distillery.
 46770 | Vaults:3 | Bought a potion of resistance for 130 gold pieces
 46770 | Vaults:3 | Bought a potion of lignification for 39 gold pieces
 46770 | Vaults:3 | Bought a potion of heal wounds for 65 gold pieces
 46770 | Vaults:3 | Bought a potion of brilliance for 52 gold pieces
 47156 | Vaults:4 | Noticed Saint Roka
 47166 | Vaults:4 | Reached XP level 24. HP: 161/191 MP: 34/34
 47283 | Vaults:4 | Killed Saint Roka
 47439 | Vaults:4 | Reached skill level 18 in Crossbows
 47516 | Vaults:4 | Identified the +5 falchion of Dullness {slice, Str+2} (You found it on level 4 of the Vaults)
 48176 | Vaults:4 | Reached skill level 1 in Spellcasting
 48181 | Vaults:4 | Reached skill level 1 in Hexes
 49152 | Elf:3    | Identified the +3 shield "Qutonk" {*Slow Str+6 Int+6 SInv} (You acquired it on level 3 of the Elven Halls)
 49165 | Elf:3    | Got a pair of twisted gloves
 49166 | Elf:3    | Identified the +1 pair of gloves "Cezim" {-Cast rCorr Str+9 Int-5} (You acquired it on level 3 of the Elven Halls)
 49470 | Depths:1 | Entered Level 1 of the Depths
 49473 | Depths:1 | Reached skill level 1 in Translocations
 50000 | Depths:1 | Reached skill level 5 in Spellcasting
 50071 | Depths:1 | Found a one-way gate to the infinite horrors of the Abyss.
 50295 | Depths:1 | Found a gateway to Hell.
 50321 | Depths:1 | Found the cursed necklace of Bloodlust {*Rage +Rage MR++ Int-3 Slay+6 *Curse}
 50401 | Depths:1 | Reached skill level 5 in Hexes
 50792 | Depths:2 | Reached XP level 25. HP: 197/197 MP: 34/34
 51222 | Depths:2 | Reached skill level 5 in Translocations
 51538 | Depths:2 | Found a runed door.
 51853 | Depths:2 | Noticed an ancient lich
 51858 | Depths:2 | Killed an ancient lich
 51968 | Depths:2 | Found the +12 glaive of Prune {chop}
 52263 | Depths:2 | Identified the +5 lajatang "Reoger" {speed, Dex+2} (You took it off a yaktaur on level 2 of the Depths)
 52375 | Depths:3 | Reached skill level 10 in Spellcasting
 52509 | Depths:3 | Found a transporter.
 52555 | Depths:3 | Found a one-way gate leading to the halls of Pandemonium.
 52940 | Depths:3 | Noticed an ancient lich
 52940 | Depths:3 | Noticed an ancient lich
 52947 | Depths:3 | Found a gateway to a ziggurat.
 53257 | Depths:3 | Killed an ancient lich
 53261 | Depths:3 | Killed an ancient lich
 53261 | Depths:3 | Reached skill level 19 in Crossbows
 53267 | Depths:3 | Reached skill level 5 in Polearms
 53284 | Depths:3 | Identified the cursed +1 plate armour "Ewnodusm" {*Contam rF++ Int+3} (You found it on level 3 of the Depths)
 53578 | Depths:4 | Noticed Mennas
 53599 | Depths:4 | Killed Mennas
 53599 | Depths:4 | Reached XP level 26. HP: 134/205 MP: 37/37
 54534 | Depths:4 | Noticed Jory
 54544 | Depths:4 | Killed Jory
 54582 | Depths:4 | Found an ancient bone altar of Kikubaaqudgha.
 54696 | Depths:5 | Entered Level 5 of the Depths
 54696 | Depths:5 | Noticed Boris
 54703 | Depths:5 | Killed Boris
 54908 | Depths:5 | Noticed the Enchantress
 54920 | Depths:5 | Killed the Enchantress
 54920 | Depths:5 | Reached skill level 10 in Polearms
 55157 | Depths:5 | Identified the +1 faerie dragon scales {rCorr HP+5 SInv} (You found it on level 5 of the Depths)
 55311 | Depths:5 | Found a gate to the Realm of Zot.
 56458 | Slime:1  | Entered Level 1 of the Pits of Slime
 56484 | Lair:6   | Reached XP level 27. HP: 176/213 MP: 37/37
 56782 | Slime:3  | Gained mutation: You expend magic power (3 MP) to strengthen your wands. [a shining eye]
 56783 | Slime:3  | Gained mutation: Scrolls take you a little longer to read. [a shining eye]
 56804 | Slime:2  | Lost mutation: Scrolls take you a little longer to read. [potion of mutation]
 56804 | Slime:2  | Lost mutation: Your mind is acute. (Int +2) [potion of mutation]
 56804 | Slime:2  | Lost mutation: You are resistant to hostile enchantments. (MR+) [potion of mutation]
 56804 | Slime:2  | Gained mutation: You are dopey. (Int -2) [potion of mutation]
 56804 | Slime:2  | Gained mutation: Your system is resistant to poisons. (rPois) [potion of mutation]
 56805 | Slime:2  | Lost mutation: You are dopey. (Int -2) [potion of mutation]
 56805 | Slime:2  | Lost mutation: You expend magic power (3 MP) to strengthen your wands. [potion of mutation]
 56805 | Slime:2  | Gained mutation: You are partially covered in molten scales. (AC +2) [potion of mutation]
 56805 | Slime:2  | Gained mutation: You are agile. (Dex +2) [potion of mutation]
 56913 | Slime:3  | Gained mutation: Your magical capacity is low. (-10% MP) [a shining eye]
 56982 | Slime:5  | Entered Level 5 of the Pits of Slime
 57002 | Slime:5  | Gained mutation: You are dopey. (Int -2) [a shining eye]
 57254 | Slime:5  | Gained mutation: You expend magic power (3 MP) to strengthen your wands. [a shining eye]
 57255 | Slime:5  | Gained mutation: You are frail. (-10% HP) [a shining eye]
 57257 | Slime:5  | Gained mutation: You occasionally shout uncontrollably at your foes. [a shining eye]
 57259 | Slime:5  | Lost mutation: You expend magic power (3 MP) to strengthen your wands. [potion of mutation]
 57259 | Slime:5  | Lost mutation: Your system is resistant to poisons. (rPois) [potion of mutation]
 57259 | Slime:5  | Lost mutation: Your magical capacity is low. (-10% MP) [potion of mutation]
 57259 | Slime:5  | Lost mutation: You are frail. (-10% HP) [potion of mutation]
 57259 | Slime:5  | Gained mutation: Your spells are a little easier to cast, but a little less powerful. [potion of mutation]
 57259 | Slime:5  | Gained mutation: Your flesh is cold resistant. (rC+) [potion of mutation]
 57260 | Slime:5  | Lost mutation: Your spells are a little easier to cast, but a little less powerful. [potion of mutation]
 57260 | Slime:5  | Lost mutation: Your flesh is heat resistant. (rF+) [potion of mutation]
 57260 | Slime:5  | Lost mutation: You occasionally shout uncontrollably at your foes. [potion of mutation]
 57260 | Slime:5  | Gained mutation: You have large cloven feet. [potion of mutation]
 57260 | Slime:5  | Gained mutation: Your flesh is heat resistant. (rF+) [potion of mutation]
 57335 | Slime:5  | Noticed the Royal Jelly
 57419 | Slime:5  | Reached skill level 15 in Polearms
 57711 | Slime:5  | Killed the Royal Jelly
 57944 | Slime:5  | Got a fine bronze ring
 57945 | Slime:5  | Identified the cursed ring of Duhum {+Fly rPois rC+ EV-2 Stlth+} (You found it on level 5 of the Pits of Slime)
 58087 | Slime:5  | Got a slimy rune of Zot
 58129 | Slime:5  | Got a transparent scale mail
 58140 | Slime:5  | Identified the cursed +0 scale mail "Archuejir" {rN+ rCorr Int-4} (You found it on level 5 of the Pits of Slime)
 58148 | Slime:5  | Got a jewelled scale mail
 58154 | Slime:5  | Identified the +1 scale mail "Ummemeer" {+Blink rC+ SInv} (You found it on level 5 of the Pits of Slime)
 58972 | Zot:1    | Entered Level 1 of the Realm of Zot
 59364 | Zot:1    | Reached skill level 1 in Earth Magic
 59365 | Zot:1    | Reached skill level 1 in Transmutations
 59797 | Zot:1    | Reached skill level 5 in Earth Magic
 59821 | Zot:1    | Found a transporter.
 60172 | Zot:2    | Reached skill level 5 in Transmutations
 61029 | Zot:2    | Got an ancient cloak
 61040 | Zot:2    | Identified the +2 cloak "Wyokagh" {rPois rF- rC++ rN+} (You found it on level 2 of the Realm of Zot)
 61404 | Zot:2    | Noticed an orb of fire
 61415 | Zot:2    | Killed an orb of fire
 61765 | Zot:3    | Reached skill level 10 in Earth Magic
 62045 | Zot:3    | Found a transporter.
 62248 | Zot:3    | Found a transporter.
 62417 | Zot:4    | Noticed an orb of fire
 62423 | Zot:4    | Gained mutation: Armour fits poorly on your strangely shaped body. [an orb of fire]
 62425 | Zot:4    | Gained mutation: Your spells are a little easier to cast, but a little less powerful. [an orb of fire]
 62433 | Zot:4    | Gained mutation: Your magical capacity is low. (-10% MP) [an orb of fire]
 62433 | Zot:4    | Gained mutation: You are partially covered in yellow scales. (AC +2) [an orb of fire]
 62436 | Zot:4    | Killed an orb of fire
 62436 | Zot:4    | Reached skill level 10 in Transmutations
 63489 | Zot:4    | Noticed an orb of fire
 63498 | Zot:4    | Killed an orb of fire
 63500 | Zot:4    | Lost mutation: You are dopey. (Int -2) [potion of mutation]
 63500 | Zot:4    | Lost mutation: You have large cloven feet. [potion of mutation]
 63500 | Zot:4    | Lost mutation: Your magical capacity is low. (-10% MP) [potion of mutation]
 63500 | Zot:4    | Lost mutation: Your spells are a little easier to cast, but a little less powerful. [potion of mutation]
 63931 | Vaults:5 | Entered Level 5 of the Vaults
 64307 | Vaults:5 | Found the +8 demon blade "Leech" {vamp, rN+ AC-3 EV-3}
 64347 | Vaults:5 | Identified the cursed +3 scimitar of Havoc {protect, *Slow rN+ SInv} (You found it on level 5 of the Vaults)
 64514 | Vaults:5 | Reached skill level 15 in Spellcasting
 65275 | Vaults:5 | Got a silver rune of Zot
 65378 | Vaults:5 | Got a pitted copper ring
 65394 | Vaults:5 | Identified the cursed ring of Evuhe {rC+ AC-3 Int+5} (You took it off a deep elf archer on level 5 of the Vaults)
 65902 | Vaults:5 | Found Vekix's Distillery.
 65908 | Vaults:5 | Bought 2 potions of lignification for 90 gold pieces
 65908 | Vaults:5 | Bought a potion of heal wounds for 75 gold pieces
 65908 | Vaults:5 | Bought a potion of mutation for 120 gold pieces
 65908 | Vaults:5 | Bought a potion of mutation for 120 gold pieces
 66396 | Zot:5    | Entered Level 5 of the Realm of Zot
 66561 | Zot:5    | Noticed an orb of fire
 66564 | Zot:5    | Noticed an ancient lich
 66568 | Zot:5    | Noticed an ancient lich
 66569 | Zot:5    | Noticed an orb of fire
 66570 | Zot:5    | Killed from afar by an ancient lich

Skill      XL: |  1  2  3  4  5  6  7  8  9 10 11 12 13 14 15 16 17 18 19 20 21 22 23 24 25 26 27 |
---------------+----------------------------------------------------------------------------------+-----
Shields        | 4 5 6 7 8 9 10 11 12 13 14 15 16 17 | 17.3
Dodging        | 1 3 4 5 6 7 8 9 10 11 12 13 | 13.6
Fighting       | 4 5 6 7 8 9 10 11 12 13 14 15 16 | 16.7
Armour         | 4 5 6 7 8 9 10 11 12 13 14 15 | 15.9
Long Blades    | 3 |  3.2
Polearms       | 2 3 5 13 16 | 16.5
Staves         | 1 4 6 8 10 11 12 13 14 15 | 15.0
Invocations    | 2 4 6 8 9 10 11 12 14 15 | 15.6
Crossbows      | 3 6 9 11 12 14 17 18 19 | 19.4
Evocations     | 12 | 12.8
Spellcasting   | 6 10 15 | 15.8
Hexes          | 5 8 |  8.6
Translocations | 4 6 |  6.5
Earth Magic    | 14 | 14.8
Transmutations | 13 | 13.7

Action                   |  1- 3 |  4- 6 |  7- 9 | 10-12 | 13-15 | 16-18 | 19-21 | 22-24 | 25-27 || total
-------------------------+-------+-------+-------+-------+-------+-------+-------+-------+-------++-------
Melee: Long sword        |   102 |   201 |       |       |       |       |       |       |       ||   303
       Halberd           |       |    46 |   103 |       |       |       |       |       |       ||   149
       Quarterstaff      |       |       |   129 |   549 |  1016 |  1604 |  1484 |  1887 |       ||  6669
       Glaive            |       |       |       |       |       |       |       |       |   287 ||   287
 Fire: Arbalest          |       |       |       |       |       |    23 |    28 |   232 |  1819 ||  2102
 Cast: Portal Projectile |       |       |       |       |       |       |       |       |     5 ||     5
Invok: Slouch            |       |       |       |       |     4 |     9 |    14 |     7 |    12 ||    46
       Step From Time    |       |       |       |       |       |     3 |       |       |     2 ||     5
 Abil: Dig               |       |       |       |     4 |     4 |     5 |    12 |     2 |     6 ||    33
       Stop Flying       |       |       |       |       |       |       |     1 |     1 |       ||     2
       Evoke Flight      |       |       |       |       |       |       |     1 |       |       ||     1
Evoke: Wand              |       |     2 |       |       |    13 |     8 |     1 |       |     1 ||    25
  Use: Scroll            |     1 |       |     7 |    12 |    18 |    16 |    14 |    26 |    16 ||   110
       Potion            |       |     1 |       |     4 |     2 |    20 |     1 |       |    12 ||    40
 Stab: Invisible         |       |       |       |       |       |     9 |       |       |       ||     9
       Petrified         |       |       |       |       |       |     1 |       |       |       ||     1
       Sleeping          |       |       |       |       |       |     1 |       |       |       ||     1
  Eat: Chunk             |     1 |     7 |     6 |    11 |    19 |    20 |     5 |    15 |    16 ||   100
       Ration            |       |     2 |     1 |       |       |     1 |     6 |     2 |     4 ||    16
Armor: Scale mail        |    25 |       |       |       |       |       |       |       |       ||    25
       Chain mail        |    54 |   198 |    76 |       |    41 |   225 |   194 |   204 |   256 ||  1248
       Plate armour      |       |       |    21 |   106 |   158 |       |       |       |       ||   285
       Skin              |       |       |       |       |       |       |       |       |     1 ||     1
       Storm dragon scal |       |       |       |       |       |       |       |       |    65 ||    65
Dodge: Dodged            |    41 |    76 |    63 |   124 |   292 |   428 |   396 |   652 |   729 ||  2801
Block: Shield            |    64 |   160 |   133 |    21 |       |       |       |   102 |       ||   480
       Large shield      |       |       |       |   503 |  1264 |  1929 |  1774 |  2271 |  1979 ||  9720
       Rpst.: Long sword |    16 |    18 |       |       |       |       |       |       |       ||    34
